Map: Hard Lead LE

Players

SubN

  • Race: Zerg Zerg
  • League: Diamond
  • Spawn Location: 5:00

Lance - Winner!

  • Race: Terran Terran
  • League: Gold
  • Spawn Location: 11:00

VOD

Have the link to the VOD?

Description

Time

  • Played on: Nov. 22, 2023, 8:04 p.m.
  • Length: 13:26
Show
View Real Time Build Order
Export as new Build Order

SubN Zerg 

Build Orders: Hatch First 

Get SALT Encoding   

  12  0:00  Drone  
  13  0:12  Overlord  
  13  0:17  Drone  
  14  0:30  Drone  
  14  0:31  Drone  
  16  0:49  Hatchery  
  15  0:53  Drone  
  15  0:55  Drone  
  17  0:58  Drone  
  17  1:03  Extractor  
  17  1:15  Spawning Pool  
  17  1:17  Drone  
  17  1:24  Drone  
  18  1:28  Drone  
  19  1:38  Drone  
  20  1:50  Overlord  
  20  2:02  Queen x2  
  20  2:04  Zergling x2  
  20  2:05  Zergling x2  
  26  2:09  Metabolic Boost  
  26  2:17  Drone x2  
  26  2:22  Drone  
  29  2:27  Drone  
  30  2:48  Queen  
  30  2:50  Hatchery  
  30  2:51  Queen  
  33  3:07  Overlord  
  33  3:10  Overlord  
  33  3:13  Drone x3  
  36  3:32  Drone x6  
  42  3:41  Drone  
  43  3:50  Overlord  
  43  3:52  Overlord  
  43  3:56  Drone x4  
  47  4:03  Drone x3  
  47  4:04  Drone x2, Queen  
  54  4:13  Drone x2  
  56  4:21  Drone x3  
  59  4:26  Extractor  
  59  4:31  Evolution Chamber, Extractor  
  57  4:32  Evolution Chamber  
  57  4:33  Extractor  
  57  4:36  Overlord x3  
  54  4:49  Drone x3  
  54  4:50  Drone x3  
  60  5:05  Overlord x2  
  60  5:11  Overlord x2  
  60  5:13  Drone x3  
  60  5:14  Drone x6  
  69  5:23  Drone x3  
  69  5:26  Lair  
  72  5:30  Zerg Melee Weapons Level 1  
  72  5:31  Zerg Ground Armor Level 1  
  72  5:32  Drone x2  
  74  5:36  Baneling Nest  
  73  5:45  Pneumatized Carapace, Spore Crawler  
  73  5:48  Zergling x2  
  73  5:49  Zergling x16  
  81  5:59  Drone x2  
  81  6:02  Drone  
  81  6:03  Drone x2  
  87  6:04  Drone, Extractor  
  87  6:06  Overlord x2  
  86  6:25  Centrifugal Hooks  
  86  6:29  Drone  
  86  6:31  Overlord x3  
  86  6:32  Hydralisk Den  
  86  6:37  Overseer  
  86  6:44  Drone  
  86  6:45  Drone x3  
  90  6:47  Extractor  
  90  6:53  Overlord  
  89  7:02  Hatchery  
  89  7:07  Extractor, Queen  
  89  7:09  Muscular Augments  
  89  7:10  Hatchery  
  88  7:16  Overseer  
  88  7:18  Hydralisk x12  
  112  7:25  Hydralisk x2  
  112  7:26  Hydralisk  
  118  7:42  Baneling x10  
  118  7:43  Baneling  
  118  7:45  Zergling x2  
  118  7:46  Zergling x24  
  131  7:53  Zergling x2  
  113  8:07  Hydralisk x6  
  107  8:13  Grooved Spines  
  107  8:19  Queen  
  97  8:24  Zergling x2  
  97  8:25  Zergling x18  
  97  8:30  Zergling x4  
  99  8:39  Hydralisk x4  
  99  8:40  Hydralisk x3  
  90  8:55  Baneling  
  87  8:56  Baneling x5  
  87  8:57  Zergling x2  
  87  8:58  Zergling x22  
  99  9:07  Zergling x2  
  99  9:08  Zergling x12  
  96  9:13  Queen  
  92  9:19  Baneling x6  
  92  9:20  Zergling x2, Baneling x6  
  92  9:21  Zergling x22  
  101  9:24  Baneling  
  101  9:25  Baneling x7  
  101  9:27  Zergling x4  
  97  9:36  Zergling x16  
  92  10:01  Hatchery  
  92  10:02  Hatchery  
  92  10:05  Hatchery  
  89  10:15  Drone x12  
  101  10:32  Drone  
  101  10:33  Drone  
  101  10:34  Drone x2  
  101  10:35  Drone x2  
  107  10:37  Queen  
  107  10:38  Queen  
  111  10:43  Queen  
  111  10:46  Zergling x2  
  114  10:52  Overlord  
  114  10:53  Overlord  
  96  11:08  Hydralisk  
  96  11:09  Hydralisk x4  
  93  11:25  Zergling x8  
  94  11:26  Zergling x14  
  102  11:40  Zergling x16  
  102  11:45  Baneling  
  102  11:46  Baneling  
  108  11:48  Baneling x7  
  108  11:49  Baneling x2  
  108  11:50  Baneling  
  108  11:56  Evolution Chamber  
  108  11:58  Evolution Chamber  
  85  12:16  Hydralisk x9  
  85  12:21  Queen  
  105  12:24  Extractor  
  105  12:27  Zergling x6  
  105  12:28  Zergling x8  
  102  12:38  Zergling x2  
  102  12:39  Zergling x14  
  105  12:50  Baneling x6  
  103  12:51  Zergling x2  
  103  12:52  Zergling x12  
  103  12:56  Baneling x6  
  103  12:57  Baneling  
Show
View Real Time Build Order
Export as new Build Order

Lance Terran - Winner!

Build Orders:  

Get SALT Encoding   

  12  0:00  SCV  
  13  0:13  SCV  
  14  0:19  Supply Depot  
  14  0:25  SCV  
  15  0:41  SCV  
  16  0:44  Barracks  
  16  0:55  Refinery  
  16  0:57  SCV  
  17  1:22  SCV  
  18  1:34  Orbital Command  
  18  1:42  Barracks Reactor  
  18  1:47  Command Center  
  18  2:00  SCV  
  19  2:03  Supply Depot  
  19  2:23  Marine x2, SCV  
  19  2:29  Factory  
  22  2:31  Barracks  
  22  2:33  Refinery  
  22  2:35  SCV  
  23  2:41  Marine x2  
  25  2:53  Bunker  
  25  2:59  Orbital Command  
  25  3:01  Marine x2  
  27  3:10  SCV  
  27  3:12  Factory Tech Lab  
  28  3:22  SCV  
  28  3:23  Barracks Tech Lab  
  29  3:30  Supply Depot  
  29  3:33  SCV  
  30  3:34  SCV  
  30  3:41  Siege Tank  
  34  3:45  Marine x2, SCV  
  34  3:47  Marine  
  38  3:51  Combat Shield  
  38  4:00  Supply Depot  
  38  4:04  Marine x2  
  38  4:06  SCV x2  
  42  4:17  Marine  
  42  4:20  Siege Tank  
  42  4:22  Marine x2, SCV x2  
  50  4:25  Supply Depot  
  50  4:35  Marine  
  51  4:43  Barracks  
  51  4:44  Starport  
  51  4:45  SCV  
  51  4:46  SCV  
  51  4:50  Refinery  
  53  4:57  Supply Depot  
  53  4:58  SCV x2  
  55  5:12  Stimpack  
  55  5:14  Siege Tank  
  58  5:18  SCV x2  
  60  5:28  Engineering Bay  
  60  5:30  SCV x2  
  62  5:38  Supply Depot  
  62  5:39  Starport Reactor, Barracks Reactor  
  62  5:42  SCV  
  62  5:43  SCV  
  62  5:45  Barracks  
  62  5:46  Barracks  
  64  5:55  Supply Depot, SCV x2  
  64  5:56  Siege Tank  
  69  5:57  Marine  
  69  5:58  Marine x2  
  69  6:01  Supply Depot  
  72  6:15  Marine  
  72  6:16  Marine  
  72  6:17  Terran Infantry Weapons Level 1  
  74  6:20  Medivac x2  
  74  6:22  Marine x2  
  74  6:23  Marine  
  81  6:27  Supply Depot  
  81  6:33  Marine x2  
  81  6:34  Siege Tank  
  81  6:36  Supply Depot  
  81  6:39  Marine  
  86  6:40  Marine  
  86  6:41  Marine  
  86  6:43  Marine x2  
  91  6:50  Medivac x2  
  91  6:51  Marine x2  
  97  6:57  Marine  
  97  6:58  Marine  
  97  6:59  Marine  
  97  7:01  Marine x2  
  101  7:03  Supply Depot  
  101  7:06  Siege Tank  
  105  7:09  Marine x2  
  105  7:15  Marine x2  
  107  7:16  Marine  
  107  7:18  Marine  
  107  7:19  Marine  
  112  7:26  Marine, Medivac  
  112  7:27  Marine  
  112  7:28  Supply Depot  
  112  7:29  Medivac  
  118  7:33  Marine x2  
  118  7:34  Marine  
  118  7:36  Marine  
  122  7:51  Supply Depot  
  97  8:06  Marine x6  
  100  8:14  Marine  
  92  8:24  Marine x6, Medivac x2  
  101  8:32  Marine  
  100  8:42  Marine x6  
  106  8:50  Marine  
  106  8:54  Siege Tank  
  108  9:00  Marine x6  
  114  9:08  Marine  
  115  9:17  Marine  
  115  9:18  Marine x5  
  115  9:21  Medivac x2  
  125  9:26  Marine, Siege Tank  
  129  9:35  Marine x5  
  129  9:36  Marine  
  129  9:37  Terran Infantry Armor Level 1  
  135  9:44  Marine  
  106  9:53  Marine x6  
  106  9:58  Siege Tank  
  112  10:01  Marine  
  112  10:05  Liberator  
  112  10:06  Liberator  
  119  10:11  Marine x6  
  119  10:12  Command Center  
  125  10:17  Refinery  
  125  10:19  Marine  
  126  10:22  Armory  
  126  10:29  Marine x6  
  126  10:30  Siege Tank  
  135  10:37  Marine  
  136  10:46  Marine  
  136  10:47  Marine  
  138  11:03  Marine x5  
  103  11:04  Marine x2  
  99  11:21  Marine x5  
  99  11:22  Marine x2  
  106  11:39  Marine x5  
  108  11:40  Marine x2  
  110  11:54  Medivac x2  
  110  11:56  Marine  
  110  11:57  Marine x4  
  110  11:58  Marine x2  
  96  12:14  Marine x4  
  96  12:15  Marine x2  
  97  12:16  Marine  
  97  12:20  Siege Tank  
  102  12:32  Marine x5  
  102  12:33  Marine  
  102  12:34  Marine  
  109  12:39  Liberator  
  112  12:50  Marine x5  
  117  12:51  Marine x2  
  118  13:08  Marine  
Tags
 
Matchup
TvZ
Replay Pack
2025 replay dump
Spawn Locations
Cross Positions
Add a new tag
Caveats
  • Supply blocks, unpowered buildings, or Contaminate may cause inaccurate times.
  • Supply counts are checked every 10 seconds.